 Dungeon Crawl Stone Soup version 0.31-a0-1066-g35875b34c7 (webtiles) character file.

Game seed: 1335480634076959631

934 MacCMillion the Digger (level 7, -5/36 HPs)
             Began as a Deep Elf Earth Elementalist on Nov 22, 2023.
             Slain by Menkaure (8 damage)
             ... on level 4 of the Dungeon.
             The game lasted 00:05:48 (3618 turns).

MacCMillion the Digger (DEEE)                       Turns: 3618, Time: 00:05:49

Health: -5/36      AC:  3    Str:  5    XL:     7   Next: 86%
Magic:  6/16       EV: 12    Int: 22    God:
Gold:   206        SH:  0    Dex: 15    Spells: 12/16 levels left

rFire   . . .        o - +0 dagger
rCold   + . .        (no shield)
rNeg    . . .        a - +0 robe
rPois   .            (no helmet)
rElec   .            (no cloak)
rCorr   .            h - +0 pair of gloves
SInv    .            (no boots)
Will    .....        k - amulet of the acrobat
Stlth   ++           j - ring of protection from cold
HPRegen 0.26/turn    (no ring)
MPRegen 0.15/turn

%: acrobat
@: no status effects
A: no striking features
a: no special abilities


You were on level 4 of the Dungeon.
You visited 2 branches of the dungeon, and saw 6 of its levels.

You collected 206 gold pieces.

Inventory:

Hand Weapons
 o - a +0 dagger (weapon)
Armour
 a - a +0 robe (worn)
 h - a +0 pair of gloves (worn)
Jewellery
 j - a ring of protection from cold (left hand)
 k - an amulet of the acrobat (around neck)
 t - a ring of protection from fire
Scrolls
 c - 2 scrolls of identify {unknown}
 e - 2 scrolls of fear {unknown}
 g - a scroll of amnesia {unknown}
 i - 2 scrolls of fog {unknown}
 m - 3 scrolls of teleportation {unknown}
 n - a scroll of torment {unknown}
Potions
 b - a potion of magic
 d - a potion of might {unknown}
 f - a potion of berserk rage {unknown}
 l - a potion of curing {unknown}
 p - a potion of lignification {unknown}
 q - a potion of heal wounds {unknown}
 r - a potion of brilliance {unknown}
 s - a potion of mutation {unknown}


   Skills:
 - Level 2.4 Dodging
 - Level 2.4 Stealth
 - Level 5.0 Spellcasting
 + Level 6.8 Conjurations
 - Level 1.1 Transmutations
 - Level 7.0 Earth Magic


You had 12 spell levels left.
You knew the following spells:

 Your Spells              Type           Power      Damage    Failure   Level
a - Sandblast             Erth           72%        2d16      1%          1
b - Stone Arrow           Conj/Erth      70%        3d11      1%          3

Your spell library contained the following spells:

 Spells                   Type           Power      Damage    Failure   Level
 Passwall                 Tmut/Erth      19%        N/A       3%          2
 Brom's Barrelling Bould  Conj/Erth      35%        2d5       6%          4
 Petrify                  Tmut/Erth      23%        N/A       19%         4
 Malign Gateway           Summ/Tloc      2%         N/A       100%        7
 Summon Horrible Things   Summ           2%         N/A       100%        8


Dungeon Overview and Level Annotations

Branches:
Dungeon (5/15)             Temple (1/1) D:4

Altars:
Ashenzari
Cheibriados
Dithmenos
Fedhas
Gozag
Hepliaklqana
Nemelex Xobeh
Okawaru
Qazlal
Ru
Trog
Uskayaw
Wu Jian
Xom
Yredelemnul
Zin

Annotations:
D:4 Dowan, Duvessa, Menkaure


Message History

There is a stone staircase leading down here.
The blast of sand hits the iguana.
The iguana is heavily wounded.
Menkaure shouts!
Menkaure's bandages flutter.
The iguana misses you. The kobold barely misses you.
The kobold brigand closely misses you.
Menkaure gestures wildly while chanting.
Menkaure seems to speed up.
The blast of sand hits the iguana!
You kill the iguana!
The kobold brigand hits you but does no damage.
The kobold hits you with a +0 dagger. The kobold hits you but does no damage.
The kobold brigand barely misses you.
The blast of sand hits the kobold brigand!
The kobold brigand is heavily wounded.
Menkaure hits you! The kobold brigand barely misses you. The kobold misses you.
The blast of sand hits the kobold brigand!
You kill the kobold brigand!
Menkaure calls on the powers of darkness!
Your body is wracked with pain!
The kobold hits you with a +0 dagger. Menkaure completely misses you.
The kobold hits you but does no damage.
Casting: Sandblast (safe; 1% risk of failure)
Confirm with . or Enter, or press ? or * to list all spells.
Aiming: Stone Arrow (safe; 1% risk of failure)
Press: ? - help, Shift-Dir - straight line, f - kobold
Aim: a kobold, wielding a +0 dagger and quivering poisoned darts (67% to hit)
The stone arrow hits the kobold!!
You kill the kobold!
Menkaure hits you!
* * * LOW HITPOINT WARNING * * *
Casting: Stone Arrow (safe; 1% risk of failure)
Confirm with . or Enter, or press ? or * to list all spells.
Aiming: Stone Arrow (safe; 1% risk of failure)
Press: ? - help, Shift-Dir - straight line, f - Menkaure
Aim: Menkaure (fast, 88% to hit)
The stone arrow hits Menkaure!
Menkaure is heavily damaged.
Menkaure hits you!
You die...

###.......##.###.#...#...)....# #
#........##...............#
######..#.#..##.........#######
.....#<.#.#..##...........#
.....#....#..###>......##.#
.....#....#..###.......##.#######
..>..'.#.##......................
.....#....(.####)##.....#.#######
.....#..........@###.#.##.#
.....##...#####M)###......#
######....#####........####
......)[..##.......#####
#.#.......##.......#
#.........##.......#
###.......##.......# #
###...####.......# # #.....#
#.......#


You could see Menkaure (fast).

Vanquished Creatures
  Pikel (D:3)
  Sigmund (D:4)
  A lemure (D:4)
  A kobold brigand (D:4)
  Ijyb (D:4)
  Jessica (D:2)
  Natasha (thrice) (D:4)
  An iguana (D:4)
  4 gnolls (D:3)
  An adder (D:4)
  2 worms
  A dart slug (D:4)
  An orc (D:4)
  5 ball pythons
  7 endoplasms
  4 giant cockroaches
  5 goblins
  5 hobgoblins
  4 jackals (D:1)
  4 quokkas (D:1)
  2 bats
  5 frilled lizards
  5 kobolds
  3 rats
68 creatures vanquished.

Notes
Turn   | Place    | Note
-------+----------+-------------------------------------------
     0 | D:1      | MacCMillion the Deep Elf Earth Elementalist began the quest
                  | for the Orb.
     0 | D:1      | Reached XP level 1. HP: 10/10 MP: 6/6
   272 | D:1      | Reached XP level 2. HP: 15/15 MP: 5/8
   660 | D:1      | Reached skill level 4 in Earth Magic
   815 | D:1      | Found a faded altar of an unknown god.
  1176 | D:2      | Reached XP level 3. HP: 19/19 MP: 7/10
  1414 | D:2      | Noticed Jessica
  1419 | D:2      | Killed Jessica
  1583 | D:2      | Reached XP level 4. HP: 24/24 MP: 10/12
  2358 | D:3      | Reached skill level 5 in Spellcasting
  2501 | D:3      | Reached skill level 5 in Earth Magic
  2655 | D:4      | Noticed Menkaure
  2682 | D:4      | Noticed Natasha
  2686 | D:4      | Killed Natasha
  2687 | D:4      | Reached XP level 5. HP: 28/28 MP: 11/14
  2723 | D:4      | Noticed Sigmund
  2725 | D:4      | Killed Sigmund
  2726 | D:4      | Reached skill level 6 in Earth Magic
  2726 | D:4      | Reached XP level 6. HP: 24/32 MP: 12/15
  2956 | D:4      | Found a staircase to the Ecumenical Temple.
  2962 | Temple   | Entered the Ecumenical Temple
  2977 | D:4      | Noticed Natasha
  2980 | D:4      | Killed Natasha
  2981 | D:4      | Reached skill level 7 in Earth Magic
  3031 | D:4      | Noticed Natasha
  3032 | D:4      | Killed Natasha
  3033 | D:4      | Reached skill level 1 in Conjurations
  3062 | D:4      | Noticed Pikel
  3072 | D:3      | Killed Pikel
  3073 | D:3      | Reached XP level 7. HP: 21/36 MP: 11/16
  3385 | D:4      | Noticed Ijyb
  3393 | D:4      | Learned a level 3 spell: Stone Arrow
  3397 | D:4      | Noticed Dowan
  3399 | D:4      | Killed Ijyb
  3400 | D:4      | Noticed Duvessa
  3608 | D:5      | Entered Level 5 of the Dungeon
  3618 | D:4      | Slain by Menkaure

Illustrated notes

Levels and vault maps discovered:
D:1:      dreamdust_arrival_beginning_and_end, layout_basic,
          dreamdust_ecumenical_altar_statues, st_stairs_2
D:2:      layout_basic, uniq_jessica
D:3:      layout_basic, serial_shops, nicolae_shop_waterfront, uniq_robin
D:4:      layout_loops_cross, temple_green, uniq_sigmund,
          uniq_crazy_yiuf_cottage, uniq_duvessa, uniq_pikel, uniq_menkaure,
          uniq_ijyb, uniq_natasha
D:5:      layout_layer_cave, mainiacjoe_overflow_small_starburst,
          fiery_altar_vehumet
Temple:   nicolae_temple_superstar

Skill      XL: |  1  2  3  4  5  6 |
---------------+-------------------+-----
Spellcasting   | 4 5 |  5.0
Earth Magic    | 4 5 6 7 |  7.0
Conjurations   | 6 |  6.8
Dodging        | |  2.4
Stealth        | |  2.4
Transmutations | |  1.1

Action                     |  1- 3 |  4- 6 |  7- 9 || total
---------------------------+-------+-------+-------++-------
  Melee: Unarmed           |       |     1 |       ||     1
   Cast: Sandblast         |    41 |    44 |     9 ||    94
         Stone Arrow       |       |       |     5 ||     5
 Armour: Robe              |     1 |    10 |     9 ||    20
  Dodge: Dodged            |     1 |    16 |    13 ||    30

Table legend: (Time is in decaauts)
 A = Elapsed time spent in this place.
 B = Non-inter-level travel time spent in this place.
 C = Inter-level travel time spent in this place.
 D = Time resting spent in this place.
 E = Time spent auto-exploring this place.
 F = Levels seen in this place.
 G = Mean time per level.
                   A        B        C        D        E       F      G
               +--------+--------+--------+--------+--------+-----+--------+
         Total |   3665 |   3428 |    237 |    456 |   2515 |   6 |  610.8 |
       Dungeon |   3654 |   3417 |    237 |    456 |   2515 |   5 |  730.8 |
        Temple |     10 |     10 |      0 |      0 |      0 |   1 |   10.0 |
               +--------+--------+--------+--------+--------+-----+--------+

Top non-repeatable levels by time:
     D:1: 1122 daAuts
     D:2: 1091 daAuts
     D:4: 723 daAuts
     D:3: 712 daAuts
  Temple: 10 daAuts
     D:5: 4 daAuts
